 Dungeon Crawl Stone Soup version 0.18-b1-14-g029dad2 (webtiles) character file.

16137 LORDOFBUTT the Cleaver (level 12, 0/108 HPs)
             Began as a Minotaur Fighter on Apr 30, 2016.
             Was a Follower of Ashenzari.
             Slain by an orc warrior
             ... wielding a +0 long sword
              (7 damage)
             ... on level 2 of the Orcish Mines.
             The game lasted 00:21:40 (11142 turns).

LORDOFBUTT the Cleaver (Minotaur Fighter)          Turns: 11142, Time: 00:21:41

Health: 0/108      AC: 22    Str: 28    XL:     12   Next: 7%
Magic:  11/11      EV: 13    Int:  9    God:    Ashenzari [*.....]
Gold:   716        SH: 13    Dex: 13    Spells: 0 memorised, 11 levels left

rFire  . . .     SeeInvis +     a - +4 war axe
rCold  . . .     Gourm    .     z - +6 scale mail "Icu Ciel" {rElec Int+4}
rNeg   . . .     Faith    .     c - +0 shield
rPois  .         Spirit   .     (helmet restricted)
rElec  +         Dismiss  +     G - +2 cloak
rCorr  .         Reflect  .     (no gloves)
SustAt .         Harm     .     g - +0 pair of boots
MR     .....                    k - amulet of dismissal
Stlth  ..........               e - +3 ring of protection
                                y - ring of see invisible

@: mighty, lethally poisoned (0 -> -6), not resistant to hostile enchantments,
extremely unstealthy
A: retaliatory headbutt, horns 2
a: Curse Item, Scrying, Renounce Religion


You were on level 2 of the Orcish Mines.
You worshipped Ashenzari.
Ashenzari was aware of your devotion.
You were not hungry.

You visited 3 branches of the dungeon, and saw 14 of its levels.
You also visited: Ice Cave.

You collected 995 gold pieces.
You spent 279 gold pieces at shops.

Inventory:

Hand Weapons
 a - a +4 war axe (weapon)
Armour
 b - a +0 scale mail
 c - a +0 shield (worn)
 g - a +0 pair of boots (worn)
 z - the +6 scale mail "Icu Ciel" (worn) {rElec Int+4}
   (You bought it in a shop on level 11 of the Dungeon)

   It affects your intelligence (+4).
   It insulates you from electricity.
 G - a +2 cloak (worn)
Rods
 F - a +0 rod of clouds (14/14)
   (You found it on level 8 of the Dungeon)
Jewellery
 e - a +3 ring of protection (right hand)
 h - an uncursed amulet of faith
 k - an amulet of dismissal (around neck)
 u - an uncursed amulet of rage
 y - a ring of see invisible (left hand)
 B - an uncursed amulet of regeneration
Wands
 r - a wand of paralysis (4/24)
 E - a wand of slowing (30/48)
 L - a wand of lightning (3/15)
Scrolls
 i - a scroll of noise
 j - 2 scrolls of fear
 l - 3 scrolls of magic mapping
 w - 3 scrolls of fog
 C - a scroll of recharging
 H - a scroll of identify
 M - a scroll of teleportation
 N - a scroll of amnesia
Potions
 d - 4 potions of might
 m - 6 potions of flight
 o - a potion of beneficial mutation {unknown}
 p - 2 potions of curing {unknown}
 s - 3 potions of lignification
 t - a potion of haste
 x - a potion of brilliance
 A - 2 potions of cancellation {unknown}
 O - a potion of resistance {unknown}
Books
 J - a book of Geomancy

   Spells                             Type                      Level
   a - Sandblast                      Earth                        1
   b - Passwall                       Transmutation/Earth          2
   c - Stone Arrow                    Conjuration/Earth            3
   d - Petrify                        Transmutation/Earth          4
   e - Lee's Rapid Deconstruction     Earth                        5
Comestibles
 f - 6 bread rations
 v - a meat ration
 D - 2 beef jerkies


   Skills:
 * Level 10.8 Fighting
 * Level 12.5 Axes
 * Level 10.6 Armour
 + Level 7.3 Dodging
 - Level 0.1 Stealth
 * Level 12.0 Shields


You had 11 spell levels left.
You didn't know any spells.

Dungeon Overview and Level Annotations

Branches:
Dungeon (11/15)            Temple (1/1) D:7            Lair (0/8) D:9
    Orc (2/2) D:11
    Elf: Orc:2

Altars:
Ashenzari
Cheibriados
Dithmenos
Elyvilon
Fedhas
Gozag
Kikubaaqudgha
Makhleb
Nemelex Xobeh
Okawaru
Pakellas
Qazlal
Ru
Sif Muna
Trog
Vehumet
Xom
Yredelemnul
Zin
The Shining One

Shops:
D:11 *


Innate Abilities, Weirdness & Mutations

You reflexively headbutt those who attack you in melee.
You have a pair of horns on your head.


Message History

You are too injured to fight recklessly!
Unknown command.
You are too injured to fight recklessly!
The orc warrior shouts!
You slice the orc priest!!
You kill the orc priest!
You slash the orc warrior!
The orc warrior is moderately wounded.
You slash the orc warrior!
The orc warrior is severely wounded.
You slash the orc warrior!
The orc warrior is heavily wounded.
You slash the orc warrior!
You kill the orc warrior!
You feel sick.
The soul eater draws from the surrounding life force!
* * * LOW HITPOINT WARNING * * *
The orc warrior closely misses you.
The orc warrior hits you with a long sword!
You die... #o........# #.....ooo.# #..43.oooo# #..3.ooo.o #...ooooo

###ooo4o###
#....o)o).# ###
#..o@oo## ##.##
###...(.# #...#
##.#..## #...#
##.#...## ###...
#.......## #.....
#......#.# ##....
.........## ###.....
...........###.......
##....##...........#.


You could see an orc warlord, an orc knight, a soul eater, 2 orc high priests, a
sun demon, a hellwing, an ice devil, 2 orc sorcerers, 8 orc warriors, 4 orc
priests, 4 orc wizards and 4 orcs.

Vanquished Creatures
  The ghost of Buffagor the Cleaver, a novice HOFi of Okawaru (D:9)
  2 orc sorcerers
  An ice statue (IceCv)
  A troll (D:9)
  11 polar bears
  Sigmund (D:3)
  A shadow (D:11)
  17 yaks
  A basilisk (D:9)
  A hungry ghost (D:11)
  A mottled dragon (D:11)
  A water moccasin (D:6)
  Duvessa (D:5)
  2 porcupines (D:9)
  8 orc warriors
  3 sky beasts
  5 black bears
  A necrophage (D:9)
  2 phantoms (D:11)
  2 ice beasts
  4 wolves (IceCv)
  10 ogres
  The ghost of LORDOFBUTT the Ducker, an amateur DsGl of Ashenzari (D:3)
  11 centaurs
  6 crocodiles
  4 big kobolds
  6 giant frogs
  A gnoll sergeant (D:10)
  3 scorpions
  Dowan (D:5)
  11 killer bees
  2 howler monkeys
  5 wights (D:8)
  5 crimson imps
  2 centaur zombies
  A gnoll shaman (D:5)
  5 hounds
  A jelly (D:9)
  Crazy Yiuf (D:7)
  7 orc priests
  15 orc wizards
  2 centaur skeletons
  2 giant frog skeletons
  Jessica (D:3)
  2 iguanas
  9 worker ants
  3 sheep (D:11)
  A hound zombie (D:9)
  11 gnolls
  4 river rats (D:9)
  11 adders
  A howler monkey skeleton (D:5)
  4 oozes
  2 adder zombies
  3 adder skeletons
  5 worms
  3 dart slugs (D:2)
  A giant gecko (D:1)
  42 orcs
  6 giant cockroaches
  7 goblins
  5 hobgoblins
  3 quokkas
  4 ball pythons
  8 bats
  A giant gecko skeleton (D:8)
  3 giant newts
  A jackal skeleton (D:6)
  A jackal zombie (D:5)
  31 kobolds
  2 quokka skeletons
  5 rats (D:1)
349 creatures vanquished.

Vanquished Creatures (others)
  A hippogriff (D:5)
  A plant (D:9)
2 creatures vanquished.

Grand Total: 351 creatures vanquished

Notes
Turn   | Place    | Note
--------------------------------------------------------------
     0 | D:1      | LORDOFBUTT the Minotaur Fighter began the quest for the Orb.
     0 | D:1      | Reached XP level 1. HP: 19/19 MP: 0/0
   114 | D:1      | Reached XP level 2. HP: 23/27 MP: 1/1
   538 | D:2      | Reached XP level 3. HP: 29/33 MP: 2/2
   860 | D:2      | Reached XP level 4. HP: 40/40 MP: 3/3
   974 | D:2      | Reached skill level 1 in Dodging
  1000 | D:2      | Found an ancient bone altar of Kikubaaqudgha.
  1001 | D:2      | Found a blossoming altar of Fedhas.
  1408 | D:3      | Noticed a water elemental
  1410 | D:3      | Found a stormy altar of Qazlal.
  1412 | D:3      | Noticed an air elemental
  1413 | D:3      | Noticed an earth elemental
  1413 | D:3      | Noticed a fire elemental
  1427 | D:3      | Noticed Jessica
  1433 | D:3      | Killed Jessica
  1541 | D:3      | Found an iron altar of Okawaru.
  1559 | D:3      | Reached skill level 5 in Armour
  1559 | D:3      | Reached XP level 5. HP: 44/47 MP: 4/4
  1612 | D:3      | Noticed Sigmund
  1625 | D:3      | Noticed LORDOFBUTT's ghost (amateur DsGl)
  1634 | D:3      | Killed LORDOFBUTT's ghost
  1910 | D:3      | Killed Sigmund
  1910 | D:3      | Reached skill level 5 in Fighting
  1910 | D:3      | Reached XP level 6. HP: 56/56 MP: 5/5
  2071 | D:4      | Reached skill level 5 in Shields
  2071 | D:4      | Reached XP level 7. HP: 29/61 MP: 6/6
  2453 | D:4      | Reached skill level 5 in Axes
  3073 | D:5      | Entered Level 5 of the Dungeon
  3274 | D:5      | Noticed Dowan
  3275 | D:5      | Noticed Duvessa
  3289 | D:5      | Killed Dowan
  3293 | D:5      | Killed Duvessa
  3492 | D:5      | Found an oddly glowing altar of Pakellas.
  3492 | D:5      | Noticed an orange crystal statue
  3493 | D:5      | Noticed a hippogriff
  3508 | D:5      | Killed a hippogriff
  3559 | D:5      | Reached XP level 8. HP: 57/70 MP: 7/7
  3974 | D:6      | Found a glowing golden altar of the Shining One.
  3975 | D:6      | Found a radiant altar of Vehumet.
  4392 | D:6      | Found a sacrificial altar of Ru.
  4589 | D:6      | Found a snail-covered altar of Cheibriados.
  4800 | D:7      | Found a staircase to the Ecumenical Temple.
  4819 | Temple   | Entered the Ecumenical Temple
  4865 | D:7      | Reached XP level 9. HP: 71/79 MP: 8/8
  4954 | D:7      | Noticed Crazy Yiuf
  4960 | D:7      | Killed Crazy Yiuf
  5707 | D:8      | Found a sparkling altar of Nemelex Xobeh.
  6109 | D:8      | Reached skill level 5 in Dodging
  6123 | D:9      | Noticed Buffagor's ghost (novice HOFi)
  6314 | D:9      | Killed Buffagor's ghost
  6314 | D:9      | Reached XP level 10. HP: 66/90 MP: 9/9
  6403 | D:9      | Found a basalt altar of Yredelemnul.
  6750 | D:9      | Found a stormy altar of Qazlal.
  6801 | D:9      | Reached skill level 10 in Axes
  6981 | D:9      | Reached skill level 10 in Shields
  7099 | D:9      | Found a shattered altar of Ashenzari.
  7101 | D:9      | Found a bloodstained altar of Trog.
  7176 | D:9      | Found a staircase to the Lair.
  7347 | D:10     | Entered Level 10 of the Dungeon
  7436 | D:10     | Reached XP level 11. HP: 94/99 MP: 10/10
  7730 | D:10     | Found a sparkling altar of Nemelex Xobeh.
  8117 | D:9      | Became a worshipper of Ashenzari the Shackled
  8256 | D:11     | Found a bloodstained altar of Trog.
  8291 | D:11     | Reached skill level 10 in Armour
  8576 | D:11     | Found a frozen archway.
  8655 | IceCv    | Entered an ice cave
  8670 | IceCv    | Reached skill level 10 in Fighting
  9657 | IceCv    | HP: 5/101 [polar bear (10)]
  9658 | IceCv    | HP: 1/101 [polar bear (3)]
 10044 | D:11     | Found Fehadden's Assorted Antiques.
 10046 | D:11     | Found a staircase to the Orcish Mines.
 10048 | D:11     | Bought a pearl-studded scale mail for 279 gold pieces
 10084 | D:11     | Identified the +6 scale mail "Icu Ciel" {rElec Int+4} (You bought it in a shop on level 11 of the Dungeon)
 10524 | Orc:1    | Entered Level 1 of the Orcish Mines
 10542 | Orc:1    | Noticed an orc sorcerer
 10556 | Orc:1    | Killed an orc sorcerer
 10879 | Orc:2    | Entered Level 2 of the Orcish Mines
 10885 | Orc:2    | Reached * piety under Ashenzari
 10941 | Orc:2    | Noticed an orc sorcerer
 10947 | Orc:2    | Killed an orc sorcerer
 10977 | Orc:2    | Reached XP level 12. HP: 92/108 MP: 11/11
 11135 | Orc:2    | Noticed an orc high priest
 11140 | Orc:2    | Noticed an orc warlord
 11142 | Orc:2    | Noticed an orc high priest
 11142 | Orc:2    | Slain by an orc warrior

Skill      XL: |  1  2  3  4  5  6  7  8  9 10 11 12 |
---------------+-------------------------------------+-----
Armour         | 4 5 6 7 8 9 10 | 10.6
Fighting       | 4 5 6 7 8 9 10 | 10.8
Shields        | 4 5 7 8 10 11 12 | 12.0
Dodging        | 1 2 3 5 6 7 |  7.3
Axes           | 3 4 5 7 9 10 12 | 12.5
Stealth        | |  0.1

Action                   |  1- 3 |  4- 6 |  7- 9 | 10-12 || total
-------------------------+-------+-------+-------+-------++-------
Melee: War axe           |    71 |   110 |   322 |   583 ||  1086
       Headbutt          |     8 |    16 |    71 |   116 ||   211
  Use: Potion            |       |     2 |     3 |    10 ||    15
       Scroll            |       |       |    13 |    14 ||    27
 Stab: Distracted        |       |       |     1 |       ||     1
  Eat: Meat ration       |       |     1 |     1 |     2 ||     4
       Beef jerky        |       |       |     4 |     5 ||     9
       Bread ration      |       |       |     1 |       ||     1
       Pizza             |       |       |       |     1 ||     1
Armor: Scale mail        |    51 |    38 |   137 |   220 ||   446
       Skin              |       |    12 |       |     1 ||    13
Dodge: Dodged            |    15 |    34 |   124 |   320 ||   493
Block: Shield            |    49 |    51 |   201 |   445 ||   746
